 Dungeon Crawl Stone Soup version 0.30-a0-996-ga6910c8ee8 (webtiles) character file.

Game seed: 1030907427373421342

65 Maxmaps the Insei (level 3, -1/29 HPs)
             Began as a Demonspawn Monk on Apr 5, 2023.
             Killed from afar by Natasha (12 damage)
             ... with a bolt of light
             ... on level 2 of the Dungeon.
             The game lasted 00:01:25 (1092 turns).

Maxmaps the Insei (Demonspawn Monk)                 Turns: 1092, Time: 00:01:26

Health: -1/29      AC:  9    Str: 11    XL:     3   Next: 92%
Magic:  3/3        EV:  9    Int: 13    God:
Gold:   90         SH:  0    Dex: 15    Spells: 2/2 levels left

rFire   . . .      SeeInvis .      - Unarmed
rCold   . . .      Faith    .    (no shield)
rNeg    . . .      Spirit   .    i - +0 scale mail
rPois   .          Reflect  .    g - +0 helmet
rElec   .          Rampage  .    (no cloak)
rCorr   .                        (no gloves)
Will    .....                    (no boots) Stlth
                                 (no amulet)
HPRegen 0.24/turn                (no ring)
MPRegen 0.08/turn                (no ring)

@: confused
A: icy blue scales 1, foul stench 1
a: no special abilities


You were on level 2 of the Dungeon.
You visited 1 branch of the dungeon, and saw 2 of its levels.

You collected 90 gold pieces.

Inventory:

Armour
 g - a +0 helmet (worn)
 i - a +0 scale mail (worn)
Jewellery
 a - a +6 ring of intelligence
 k - a ring of ice
Scrolls
 b - a scroll of blinking {unknown}
 c - a scroll of immolation {unknown}
 e - a scroll of fog {unknown}
 h - a scroll of amnesia {unknown}
 j - a scroll of magic mapping {unknown}
Potions
 d - a potion of might {unknown}
 f - a potion of attraction {unknown}


   Skills:
 + Level 3.1 Fighting
 - Level 2.6 Dodging
 - Level 1.7 Stealth
 - Level 4.3 Unarmed Combat


You had 2 spell levels left.
You didn't know any spells.
Your spell library contained the following spells:

 Spells                   Type           Power      Damage    Failure   Level
 Freeze                   Ice            0%         1d3       89%         1
 Frozen Ramparts          Ice            0%         1d1       99%         3
 Hailstorm                Conj/Ice       0%         3d3       99%         3
 Anguish                  Hex/Necr       0%         N/A       100%        4
 Enfeeble                 Hex            0%         N/A       100%        7


Dungeon Overview and Level Annotations

Branches:
Dungeon (2/15)

Altars:

Annotations:
D:2 1 runed translucent door, Crazy Yiuf, Natasha


Innate Abilities, Weirdness & Mutations

You are partially covered in icy blue scales. (AC +2)
You may rarely emit foul miasma when damaged in melee.


Message History

There are monsters nearby!
You hit the shadow imp but do no damage.
Natasha zaps a wand.
The bolt of light hits the shadow imp!
The shadow imp is blinded.
The bolt of light hits you!
You closely miss the shadow imp.
The shadow imp is almost dead.
The shadow imp barely misses you.
You barely miss the shadow imp.
The shadow imp is almost dead.
The shadow imp barely misses you.
You hit the shadow imp.
You kill the shadow imp!
The shadow imp disappears in a puff of smoke!
Natasha claws you!
You are too injured to fight recklessly!
You are too injured to fight recklessly!
You are too injured to fight recklessly!
You are too injured to fight recklessly!
You are too injured to fight recklessly!
You are too injured to fight recklessly!
You are too injured to fight recklessly!
You are too injured to fight recklessly!
You are too injured to fight recklessly!
You are too injured to fight recklessly!
Unknown command.
You are too injured to fight recklessly!
You are too injured to fight recklessly!
Unknown command.
You barely miss Natasha. Natasha barely misses you.
You completely miss Natasha. Natasha closely misses you.
You barely miss Natasha. Natasha closely misses you.
You barely miss Natasha.
Natasha hisses.
Natasha claws you but does no damage.
You closely miss Natasha. Natasha claws you but does no damage.
You hit Natasha.
Natasha is lightly wounded.
Natasha zaps a wand.
The bolt of light hits you!
You are confused.
You die...

#...# ### #####...# ##
#.. #.. +...+ .. #...
#.# #...## #.
#...####.# #...# #.
#........# #...# #.
#........####...######.
#........$......'......
##....@...###...##.###.
#.#..h...# #..†##..#..
# #>..........####...#
#.#########.# #..### #.
#.###..#.. ..
#.#......# ..
####'#.....## ...
#..........#
...........#


You could see Natasha.

Vanquished Creatures
  Natasha (D:2)
  4 ball pythons
  2 bats
  2 endoplasms
  2 giant cockroaches (D:1)
  5 goblins
  5 hobgoblins
  4 jackals (D:1)
  A frilled lizard (D:1)
  3 kobolds (D:1)
  7 rats
36 creatures vanquished.

Notes
Turn   | Place    | Note
-------+----------+-------------------------------------------
     0 | D:1      | Maxmaps the Demonspawn Monk began the quest for the Orb.
     0 | D:1      | Reached XP level 1. HP: 18/18 MP: 1/1
   196 | D:1      | Reached skill level 3 in Unarmed Combat
   203 | D:1      | Gained mutation: You are partially covered in icy blue
                  | scales. (AC +2) [demonic ancestry]
   203 | D:1      | Reached XP level 2. HP: 20/24 MP: 2/2
   395 | D:1      | Found a faded altar of an unknown god.
   539 | D:1      | Gained mutation: You may rarely emit foul miasma when
                  | damaged in melee. [demonic ancestry]
   539 | D:1      | Reached XP level 3. HP: 29/29 MP: 3/3
   808 | D:2      | Found a runed translucent door.
   809 | D:2      | Noticed Crazy Yiuf
   921 | D:2      | Noticed Natasha
   935 | D:2      | Killed Natasha
   936 | D:2      | Reached skill level 4 in Unarmed Combat
  1080 | D:2      | Noticed Natasha
  1092 | D:2      | Killed from afar by Natasha

Illustrated notes

Levels and vault maps discovered:
D:1:      scummos_arrival_simple_fountains, layout_basic,
          ebering_ecumenical_altar_box
D:2:      layout_basic, basic_altar, minmay_randomly_rotated_circles,
          uniq_sigmund, uniq_crazy_yiuf_cottage, uniq_natasha

Skill      XL: |  1  2  3 |
---------------+----------+-----
Unarmed Combat | 3 4 |  4.3
Fighting       | |  3.1
Dodging        | |  2.6
Stealth        | |  1.7

Action                     || total
---------------------------++-------
  Melee: Unarmed           ||   137
         Punch             ||     6
    Use: Potion            ||     1
   Stab: Sleeping          ||     2
 Armour: Robe              ||    29
         Scale mail        ||    21
  Dodge: Dodged            ||   102

Table legend: (Time is in decaauts)
 A = Elapsed time spent in this place.
 B = Non-inter-level travel time spent in this place.
 C = Inter-level travel time spent in this place.
 D = Time resting spent in this place.
 E = Time spent auto-exploring this place.
 F = Levels seen in this place.
 G = Mean time per level.
                   A        B        C        D        E       F      G
               +--------+--------+--------+--------+--------+-----+--------+
         Total |   1083 |   1076 |      7 |    103 |    671 |   2 |  541.5 |
       Dungeon |   1083 |   1076 |      7 |    103 |    671 |   2 |  541.5 |
               +--------+--------+--------+--------+--------+-----+--------+

Top non-repeatable levels by time:
     D:1: 727 daAuts
     D:2: 356 daAuts
